Map: Overgrown Facility

Players

teflon

  • Race: Terran Terran
  • League: Diamond
  • Spawn Location: 9:00

Spike

  • Race: Protoss Protoss
  • League: Diamond
  • Spawn Location: 7:00

jhun - Winner!

  • Race: Protoss Protoss
  • Spawn Location: 3:00

Adversity - Winner!

  • Race: Terran Terran
  • Spawn Location: 1:00

VOD

Have the link to the VOD?

Description

Time

  • Played on: June 25, 2018, 10:28 p.m.
  • Length: 3:50
Show
View Real Time Build Order
Export as new Build Order

teflon Terran 

Build Orders:  

Get SALT Encoding   

  12  0:01  SCV  
  13  0:13  SCV  
  14  0:18  Supply Depot  
  14  0:25  Refinery  
  14  0:28  SCV  
  15  0:40  SCV  
  16  0:47  Barracks  
  16  1:01  Barracks  
  16  1:07  SCV  
  17  1:14  Refinery  
  17  1:19  SCV  
  18  1:32  SCV  
  19  1:35  Reaper  
  20  1:44  Bunker  
  20  1:49  Bunker  
  20  2:07  Orbital Command  
  20  2:30  Marine  
  20  2:36  Marine  
  22  2:39  Factory  
  22  2:43  SCV  
  23  2:54  Supply Depot  
  23  3:15  Marine x2, SCV  
  26  3:21  Supply Depot  
  26  3:30  Factory Reactor  
  26  3:31  Factory Tech Lab  
  26  3:32  SCV  
Show
View Real Time Build Order
Export as new Build Order

Spike Protoss 

Build Orders:  

Get SALT Encoding   

  12  0:00  Probe  
  13  0:13  Probe  
  14  0:20  Pylon  
  14  0:25  Probe  
  15  0:38  Probe  
  15  0:40  Gateway  
  16  0:48  Assimilator  
  16  0:49  Probe  
  17  0:57  Probe  
  18  1:05  Probe  
  19  1:16  Probe  
  20  1:28  Probe, Cybernetics Core  
  20  1:31  Pylon  
  21  1:34  Gateway  
  21  1:48  Probe  
  21  1:53  Gateway  
  21  2:05  Adept  
  23  2:11  Forge  
  23  2:16  Pylon  
  23  2:17  Probe  
  24  2:24  Stalker  
  26  2:34  Adept  
  28  2:41  Adept  
Show
View Real Time Build Order
Export as new Build Order

jhun Protoss - Winner!

Build Orders:  

Get SALT Encoding   

  13  0:14  Assimilator  
  13  0:15  Assimilator  
  12  1:12  Probe  
  13  1:20  Probe  
  14  1:51  Probe  
  15  2:07  Pylon  
  15  3:09  Probe  
  16  3:17  Probe  
  17  3:27  Probe  
Show
View Real Time Build Order
Export as new Build Order

Adversity Terran - Winner!

Build Orders:  

Get SALT Encoding   

  13  0:09  Supply Depot  
  12  0:33  Barracks  
  12  0:36  Barracks  
  12  0:38  Barracks  
  12  0:42  Barracks  
  12  0:50  Barracks  
  12  1:00  Barracks  
  12  1:09  Refinery  
  12  1:24  Reaper  
  13  1:28  Reaper  
  15  1:37  Reaper x2  
  15  1:39  Reaper  
  17  1:46  Refinery  
  17  1:49  Reaper  
  18  1:56  Reaper  
  19  2:03  Reaper  
  20  2:09  Reaper  
  20  2:13  Reaper  
  20  2:15  Reaper  
  23  2:24  Supply Depot  
  23  2:36  Orbital Command  
  23  2:45  Reaper x3  
  26  3:00  Reaper  
  27  3:08  Reaper  
  27  3:11  Reaper  
  29  3:17  Reaper  
  31  3:21  Supply Depot  
  31  3:36  Supply Depot  
Tags
 
Add a new tag
Caveats
  • Supply blocks, unpowered buildings, or Contaminate may cause inaccurate times.
  • Supply counts are checked every 10 seconds.